Map: Ulrena

Players

Miltreta - Winner!

  • Race: Terran Terran

A.I. 1 (Hard)

  • Race: Protoss Protoss

VOD

Have the link to the VOD?

Description

Time

  • Played on: March 2, 2016, 10:03 p.m.
  • Length: 12:42
Show
View Real Time Build Order
Export as new Build Order

Miltreta Terran - Winner!

Build Orders: MMM Bio 

Get SALT Encoding   

  12  0:02  SCV  
  13  0:14  SCV  
  14  0:26  SCV, Supply Depot  
  15  0:47  SCV  
  16  0:53  Supply Depot  
  16  0:56  Barracks  
  16  0:59  SCV  
  17  1:04  Refinery  
  17  1:15  SCV, Barracks  
  18  1:23  Refinery  
  18  1:31  SCV  
  19  1:43  SCV  
  19  1:45  Engineering Bay  
  20  1:56  SCV  
  21  2:06  Barracks Tech Lab  
  21  2:21  SCV  
  22  2:25  Marine  
  23  2:35  Bunker  
  23  2:41  Supply Depot  
  23  2:42  Marine  
  24  2:58  Barracks  
  24  3:00  Orbital Command, Marine  
  24  3:03  Marauder  
  27  3:14  Terran Infantry Weapons Level 1  
  27  3:18  Marine  
  28  3:25  Marauder  
  30  3:40  Factory  
  31  3:46  Marauder  
  32  3:49  Barracks Reactor  
  32  3:52  Concussive Shells  
  32  3:59  Barracks Tech Lab  
  32  4:07  Marauder  
  34  4:24  Marauder  
  36  4:29  Marauder  
  38  4:35  Stimpack  
  38  4:46  Factory Tech Lab  
  38  4:53  Supply Depot  
  38  4:56  Supply Depot  
  38  5:13  Combat Shields  
  38  5:15  Marauder x2  
  38  5:17  Mag-Field Accelerator  
  42  5:31  Command Center  
  42  5:36  Marauder x2  
  42  5:38  Terran Infantry Armor Level 1  
  46  5:48  Armory  
  46  5:57  Marauder x2  
  50  6:06  Reaper x2  
  52  6:37  Marauder  
  52  6:38  Marine x2  
  52  6:39  Marauder  
  58  6:55  Marine  
  58  6:56  Marine  
  58  6:59  Marauder  
  58  7:00  Marauder  
  64  7:17  Marine x2  
  66  7:23  Cyclone  
  69  7:35  Marine x2  
  71  7:50  Starport  
  71  7:53  Marine x2  
  71  7:55  Cyclone  
  76  8:10  Marine  
  76  8:11  Marine  
  78  8:22  SCV  
  78  8:25  Supply Depot  
  79  8:29  Supply Depot  
  79  8:31  Supply Depot  
  79  9:01  Refinery  
  79  9:04  Medivac  
  56  9:34  Medivac  
  50  9:58  Reaper x2  
  54  10:00  Marauder  
  54  10:02  Marauder  
  54  10:04  Medivac  
  54  10:05  SCV  
  59  10:17  SCV  
  62  10:21  Marauder  
  62  10:30  Reaper x2  
  66  10:42  Marauder  
  66  11:02  Reaper x2  
  70  11:04  Marauder  
  70  11:16  Refinery  
  70  11:34  Reaper x2  
Show
View Real Time Build Order
Export as new Build Order

A.I. 1 (Hard) Protoss 

Build Orders:  

Get SALT Encoding   

  12  0:01  Probe (Chrono Boost)  
  13  0:11  Probe (Chrono Boost)  
  14  0:20  Pylon  
  14  0:22  Probe (Chrono Boost)  
  15  0:38  Probe (Chrono Boost)  
  16  0:47  Assimilator  
  16  0:49  Probe (Chrono Boost)  
  17  0:51  Gateway  
  17  0:59  Probe (Chrono Boost)  
  17  1:00  Pylon  
  18  1:10  Probe (Chrono Boost)  
  19  1:22  Probe (Chrono Boost)  
  20  1:36  Zealot  
  20  1:41  Cybernetics Core  
  20  1:44  Gateway  
  20  1:47  Assimilator  
  22  2:01  Pylon  
  22  2:11  Warp Gate  
  22  2:15  Adept  
  24  2:30  Adept  
  26  2:41  Pylon  
  26  2:42  Adept  
  28  2:55  Adept  
  30  3:08  Adept  
  32  3:21  Stalker  
  32  3:24  Pylon  
  32  3:26  Probe (Chrono Boost)  
  35  3:34  Stalker  
  35  3:38  Probe (Chrono Boost)  
  38  3:47  Forge  
  38  3:50  Probe (Chrono Boost), Stalker  
  41  4:02  Probe (Chrono Boost)  
  42  4:03  Adept  
  44  4:13  Probe (Chrono Boost)  
  46  4:25  Probe (Chrono Boost)  
  46  4:28  Zealot  
  48  6:15  Protoss Ground Weapons Level 1  
  48  6:18  Sentry  
  48  6:21  Gateway  
  48  6:25  Pylon  
  50  6:27  Photon Cannon  
  50  6:28  Sentry, Nexus  
  50  6:29  Photon Cannon  
  50  6:32  Robotics Facility  
  52  6:34  Forge  
  52  6:36  Stargate  
  52  6:39  Stalker  
  54  6:42  Twilight Council  
  54  6:46  Pylon  
  54  6:51  Stalker  
  54  7:00  Protoss Ground Armor Level 1  
  54  7:01  Stalker  
  56  7:10  Pylon  
  56  7:13  Sentry  
  58  7:19  Observer  
  59  7:23  Sentry  
  59  7:25  Blink  
  61  7:33  Stalker  
  63  7:40  Observer  
  63  7:41  Probe (Chrono Boost)  
  63  7:43  Probe (Chrono Boost)  
  66  7:50  Pylon  
  66  7:51  Pylon  
  66  7:53  Assimilator, Probe (Chrono Boost)  
  66  7:54  Probe (Chrono Boost)  
  66  7:57  Assimilator  
  68  8:05  Probe (Chrono Boost)  
  70  8:06  Probe (Chrono Boost)  
  70  8:12  Photon Cannon  
  70  8:17  Probe x2 (Chrono Boost), Photon Cannon  
  72  8:28  Probe (Chrono Boost)  
  72  8:29  Probe (Chrono Boost)  
  74  8:39  Probe (Chrono Boost)  
  74  8:41  Probe (Chrono Boost)  
  76  8:50  Probe (Chrono Boost)  
  76  8:52  Probe (Chrono Boost)  
  78  9:01  Probe (Chrono Boost)  
  80  9:03  Probe (Chrono Boost)  
  80  9:12  Probe (Chrono Boost)  
  80  9:16  Stalker  
  65  9:26  Zealot  
  59  9:36  Zealot  
  47  9:46  Sentry  
  47  9:56  Adept  
  47  9:59  Probe (Chrono Boost)  
  46  10:01  Probe (Chrono Boost)  
  46  10:06  Adept  
  44  10:08  Photon Cannon  
  44  10:10  Probe (Chrono Boost)  
  44  10:11  Pylon  
  41  10:16  Sentry  
  41  10:21  Probe (Chrono Boost)  
  41  10:26  Sentry  
  37  10:32  Probe (Chrono Boost)  
  36  10:36  Sentry  
  35  10:43  Stalker  
  35  10:44  Probe (Chrono Boost)  
  35  10:49  Stalker  
  35  10:59  Stalker  
  33  11:05  Gateway  
  33  11:06  Zealot  
  33  11:08  Robotics Facility  
  35  11:12  Zealot, Stargate  
  35  11:21  Stalker  
  33  11:27  Stalker  
  35  11:34  Zealot  
  33  11:43  Zealot  
  35  11:52  Stalker  
  31  12:05  Stalker  
  31  12:14  Stalker  
  31  12:19  Zealot  
  37  12:35  Pylon  
Tags
 
Composition
MMM Bio
Matchup
PvT
Add a new tag
Caveats
  • Supply blocks, unpowered buildings, or Contaminate may cause inaccurate times.
  • Supply counts are checked every 10 seconds.